 Dungeon Crawl Stone Soup version 0.23-a0-128-g2d122ddfbf (webtiles) character file.

1306 Napalmbreeze the Skirmisher (level 8, -1/53 HPs)
             Began as a Gargoyle Gladiator on Aug 27, 2018.
             Slain by an orc warrior
             ... wielding a +0 dire flail
              (11 damage)
             ... on level 5 of the Dungeon.
             The game lasted 00:13:58 (6294 turns).

Napalmbreeze the Skirmisher (Gargoyle Gladiator)    Turns: 6294, Time: 00:13:59

Health: -1/53      AC: 12    Str: 17    XL:     8   Next: 57%
Magic:  0/8        EV: 13    Int: 10    God:
Gold:   218        SH:  0    Dex: 13    Spells: 7/7 levels left

rFire    . . .     SeeInvis .   a - +0 flail
rCold    . . .     Gourm    .   (no shield)
rNeg     + . .     Faith    .   e - +0 ring mail
rPois    ∞         Spirit   +   c - +0 helmet
rElec    +         Reflect  .   (no cloak)
rCorr    .         Harm     .   (no gloves)
MR       +....                  (no boots)
Stlth    +.........             i - amulet of guardian spirit
HPRegen  0.17/turn              y - ring of protection from magic
MPRegen  0.11/turn              (no ring)

@: no status effects
A: negative energy resistance 1, electricity resistance, unbreathing,
petrification resistance, rot immunity, AC +5
a: no special abilities


You were on level 5 of the Dungeon.
You were not hungry.

You visited 1 branch of the dungeon, and saw 6 of its levels.

You collected 218 gold pieces.

Inventory:

Hand Weapons
 a - a +0 flail (weapon)
 o - a +0 great sword
Missiles
 d - 3 throwing nets (quivered)
Armour
 c - a +0 helmet (worn)
 e - a +0 ring mail (worn)
 p - a +0 buckler
 C - a +0 large shield
Jewellery
 i - an amulet of guardian spirit (around neck)
 t - an uncursed amulet of the acrobat
 y - a ring of protection from magic (left hand)
Wands
 u - a wand of iceblast (12)
Scrolls
 j - 2 scrolls of immolation {unknown}
 k - 5 scrolls of remove curse {unknown}
 l - a scroll of random uselessness {unknown}
 m - 7 scrolls of identify {unknown}
 r - 3 scrolls of teleportation {unknown}
 s - a scroll of noise {unknown}
 x - 3 scrolls of blinking {unknown}
 E - a scroll of enchant weapon {unknown}
 F - a scroll of magic mapping {unknown}
Potions
 b - a potion of flight {unknown}
 g - 2 potions of might {unknown}
 h - 5 potions of curing {unknown}
 n - 2 potions of mutation {unknown}
 q - a potion of agility
 v - a potion of haste {unknown}
 w - a potion of heal wounds {unknown}
 z - a potion of resistance {unknown}
 A - a potion of berserk rage {unknown}
 B - a potion of brilliance {unknown}
 D - a potion of degeneration {unknown}
 G - a potion of invisibility {unknown}
Comestibles
 f - 10 rations
 H - 4 chunks of flesh


   Skills:
 + Level 7.1 Fighting
 + Level 5.4 Maces & Flails
 - Level 1.7 Throwing
 * Level 4.9 Armour
 + Level 4.4 Dodging


You had 7 spell levels left.
You didn't know any spells.
Your spell library contained the following spells:

 Spells                   Type           Power        Failure   Level  Hunger
 Magic Dart               Conj           #...         54%         1    ##.....
 Blink                    Tloc           N/A          69%         2    ###....
 Call Imp                 Summ           #.......     69%         2    ###....
 Slow                     Hex            #.......     69%         2    ###....
 Conjure Flame            Conj/Fire      #.......     89%         3    ####...
 Mephitic Cloud           Conj/Pois/Air  #.......     89%         3    ####...


Dungeon Overview and Level Annotations

Branches:
Dungeon (6/15)             Temple (0/1) D:6

Altars:
Ashenzari

Annotations:
D:3 Robin


Innate Abilities, Weirdness & Mutations

You are resistant to torment.
Your stone body is resilient. (AC +5)
You are immune to poison.
You resist negative energy. (rN+)
You are resistant to electric shocks. (rElec)
You can survive without breathing.
You are immune to petrification.
You are immune to rotting.


Message History

The orc warrior barely misses you.
You climb upwards.
There is a stone staircase leading down here.
You hit the orc warrior but do no damage.
The orc warrior is moderately wounded.
The orc warrior hits you but does no damage.
You hit the orc warrior.
The orc warrior is heavily wounded.
The orc warrior hits you with a dire flail!
You thump the orc warrior!
The orc warrior is severely wounded.
The orc warrior barely misses you.
You sock the orc warrior!
The orc warrior is almost dead.
The orc warrior hits you with a dire flail!
* * * LOW HITPOINT WARNING * * *
You completely miss the orc warrior.
The orc warrior is almost dead.
The orc warrior hits you with a dire flail!
You die...

############# #............
#.########### #.#
############ #.#
..#........##########.######
..'........'....@o.........#
..#........##########.###.##
..###'###### #.# #.#
..#...############ #.# #.#
### ..#..............# #.#
#.# #.. ..#..............#
#.# #.# #.#
..#......(.......# #.# #.#
#.# .................#
#.###.# #.#
.................# #.....#
#.#


You could see an orc warrior.

Vanquished Creatures
  A phantom (D:5)
  3 ogres
  A big kobold (D:5)
  A scorpion (D:4)
  3 crimson imps
  A centaur zombie (D:6)
  A quasit (D:5)
  3 jellies
  An orc priest (D:5)
  A hound (D:4)
  A bullfrog skeleton (D:5)
  7 orc wizards
  2 worker ants
  2 howler monkey skeletons
  7 adders
  A shadow imp (D:5)
  8 oozes (D:3)
  An adder skeleton (D:4)
  2 worms
  2 dart slugs (D:1)
  13 orcs
  7 giant cockroaches
  11 goblins
  11 hobgoblins
  2 jackals (D:3)
  3 quokkas
  A ball python (D:1)
  4 bats
  3 frilled lizards (D:1)
  31 kobolds
  A leopard gecko skeleton (D:5)
  11 rats (D:1)
  A plant (D:5)
148 creatures vanquished.

Vanquished Creatures (others)
  3 fungi (D:3)
  8 plants (D:5)
  8 toadstools (D:3)
19 creatures vanquished.

Grand Total: 167 creatures vanquished

Notes
Turn   | Place    | Note
-------+----------+-------------------------------------------
     0 | D:1      | Napalmbreeze the Gargoyle Gladiator began the quest for the
                  | Orb.
     0 | D:1      | Reached XP level 1. HP: 12/12 MP: 1/1
    90 | D:1      | Reached XP level 2. HP: 12/18 MP: 2/2
   609 | D:1      | Reached skill level 1 in Armour
   612 | D:1      | Reached XP level 3. HP: 20/22 MP: 3/3
   744 | D:1      | Reached skill level 3 in Fighting
  1259 | D:2      | Found a shattered altar of Ashenzari.
  1417 | D:2      | Reached XP level 4. HP: 27/28 MP: 4/4
  2215 | D:3      | Noticed Robin
  2631 | D:3      | Found a faded altar of an unknown god.
  2654 | D:3      | Reached XP level 5. HP: 30/33 MP: 5/5
  2657 | D:3      | Reached skill level 4 in Fighting
  2963 | D:3      | Reached XP level 6. HP: 17/39 MP: 6/6
  3751 | D:4      | Reached skill level 5 in Fighting
  4023 | D:4      | Reached XP level 7. HP: 27/44 MP: 4/7
  4205 | D:5      | Entered Level 5 of the Dungeon
  4796 | D:5      | Reached skill level 6 in Fighting
  5150 | D:5      | Reached XP level 8. HP: 40/52 MP: 8/8
  5179 | D:5      | Reached skill level 5 in Maces & Flails
  5925 | D:6      | Reached skill level 7 in Fighting
  6235 | D:6      | Found a staircase to the Ecumenical Temple.
  6294 | D:5      | Slain by an orc warrior

Vault maps used:
D:1:      dpeg_arrival_ratfight
D:2:      first_ration, evilmike_ruin_ashenzari
D:3:      cheibrodos_fertilizer, chequers_ecumenical_altar_simple,
          serial_co_window_serial, co_window_of_opportunity_a,
          co_window_corner_a, co_window_paths_a, co_window_corner_a,
          co_window_of_opportunity_a, co_window_paths_a, co_window_corner_a,
          co_window_paths_b, co_window_paths_a, co_window_broadway_c,
          co_window_corner_ca, co_window_unsneaky_path_c, co_window_cross_2,
          co_window_of_opportunity_b, co_window_corner_ca,
          co_window_unsneaky_path_a, glass_columns_a, glass_columns_c,
          glass_columns_a, glass_columns_c, glass_columns_a, uniq_robin
D:5:      kennysheep_kobold_camp
D:6:      minmay_temple_entry_butterflies

Skill      XL: |  1  2  3  4  5  6  7  8 |
---------------+-------------------------+-----
Armour         | 1 2 3 4 |  4.9
Fighting       | 3 4 5 6 7 |  7.1
Dodging        | 3 4 |  4.4
Maces & Flails | 4 5 |  5.4
Throwing       | |  1.7

Action                   |  1- 3 |  4- 6 |  7- 9 || total
-------------------------+-------+-------+-------++-------
Melee: Flail             |    93 |   213 |   330 ||   636
  Eat: Chunk             |     2 |     5 |     8 ||    15
       Ration            |       |     1 |       ||     1
Armor: Leather armour    |     3 |       |       ||     3
       Ring mail         |    38 |   111 |   170 ||   319
Dodge: Dodged            |    60 |   136 |   227 ||   423

Table legend:
 A = Non-vault XP
 B = Vault XP
 C = Vault XP percentage of total XP
 D = Non-vault monster count
 E = Vault monster count
 F = Vault count percentage of total count
                 A         B        C        D         E       F
            +---------+---------+-------+---------+---------+-------
      Total |    1565 |     302 |  16.2 |      94 |      53 |  36.1
            +---------+---------+-------+---------+---------+-------
        D:1 |      39 |       5 |  11.4 |      24 |       5 |  17.2
        D:2 |      57 |       0 |   0.0 |      10 |       0 |   0.0
        D:3 |      81 |     171 |  67.9 |      15 |      27 |  64.3
        D:4 |     350 |       0 |   0.0 |      11 |       0 |   0.0
        D:5 |     611 |     126 |  17.1 |      25 |      21 |  45.7
        D:6 |     427 |       0 |   0.0 |       9 |       0 |   0.0
            +---------+---------+-------+---------+---------+-------
